NWL
BELLINGHAM MARINERS @ LEWISTON BRONCS
08/05/1982
 
TOP OF THE 1ST
Bellingham Mariners batting - Pitching for Lewiston Broncs : RHP Theo Shaw
Pitching: RHP Theo Shaw
Batting: LHB Dan O'Regan 0-0: Ball
1-0: Called Strike
1-1: Swinging Strike
1-2: Strikes out looking
Batting: RHB Norm Carrasco 0-0: Ball
1-0: Called Strike
1-1: Swinging Strike
1-2: Foul Ball, location: 2F
1-2: Fly out, F4 (Flyball, 4MD, EV 85.0 MPH)
Batting: RHB Juan Delgado 0-0: Called Strike
0-1: Ground out 6-3 (Groundball, 6S, EV 78.8 MPH)
Top of the 1st over - 0 runs, 0 hits, 0 errors, 0 left on base; Bellingham 0 - Lewiston 0
BOTTOM OF THE 1ST
Lewiston Broncs batting - Pitching for Bellingham Mariners : RHP Luis Colon
Pitching: RHP Luis Colon
Batting: LHB Wayne Kirby 0-0: Foul Ball, location: 2F
0-1: Foul Ball, location: 2F
0-2: Ball
1-2: Ground out U3 (Groundball, 3, EV 90.6 MPH)
Batting: LHB Alex Hernandez 0-0: Called Strike
0-1: Foul Ball, location: 2F
0-2: Fly out, F8 (Flyball, 8LS, EV 82.5 MPH)
Batting: RHB Jeff Kunkel 0-0: Ball
1-0: Fly out, F8 (Flyball, 89M, EV 83.8 MPH)
Bottom of the 1st over - 0 runs, 0 hits, 0 errors, 0 left on base; Bellingham 0 - Lewiston 0
TOP OF THE 2ND
Bellingham Mariners batting - Pitching for Lewiston Broncs : RHP Theo Shaw
Batting: SHB Paul Felix 0-0: Swinging Strike
0-1: Foul Ball, location: 2F
0-2: Ball
1-2: Strikes out swinging
Batting: LHB Thomas Graziano 0-0: Ground out U3 (Groundball, 3S, EV 84.4 MPH)
Batting: RHB Hector Rivera 0-0: Ball
1-0: Ball
2-0: Ball
3-0: Called Strike
3-1: Called Strike
3-2: Strikes out swinging
Top of the 2nd over - 0 runs, 0 hits, 0 errors, 0 left on base; Bellingham 0 - Lewiston 0
BOTTOM OF THE 2ND
Lewiston Broncs batting - Pitching for Bellingham Mariners : RHP Luis Colon
Batting: RHB Bruce Castoria 0-0: Called Strike
0-1: Foul Ball, location: 2F
0-2: Ground out 6-3 (Groundball, 6, EV 102.5 MPH)
Batting: LHB Nestor Moreno 0-0: DOUBLE (Line Drive, 78D, EV 108.1 MPH)
Batting: RHB Sal D'Alessandro 0-0: 2-RUN HOME RUN (Flyball, 7LD, EV 101.3 MPH), Distance : 364 ft
Batting: RHB Julio Marin 0-0: Ball
1-0: Ball
2-0: Ball
3-0: Called Strike
3-1: SINGLE (Groundball, 6MD, EV 98.8 MPH)
Batting: RHB Steven Spalt 0-0: Fielders Choice at 2nd, 5-4 (Groundball, 5L, EV 85.0 MPH)
Batting: RHB Jay Roberts 0-0: Ball
1-0: Ball
2-0: Foul Ball, location: 2F
2-1: Ground out 5-3 (Groundball, 56S, EV 88.8 MPH)
Bottom of the 2nd over - 2 runs, 3 hits, 0 errors, 1 left on base; Bellingham 0 - Lewiston 2
TOP OF THE 3RD
Bellingham Mariners batting - Pitching for Lewiston Broncs : RHP Theo Shaw
Batting: RHB Elza Nevoeiro 0-0: Fly out, F8 (Flyball, 8LXD, EV 96.3 MPH)
Batting: RHB Werner Lajszky 0-0: Ball
1-0: Ball
2-0: Foul Ball, location: 2F
2-1: Foul Ball, location: 2F
2-2: Ball
3-2: Ground out 5-3 (Groundball, 56S, EV 85.0 MPH)
Batting: RHB Barry Cheesman 0-0: Foul Ball, location: 2F
0-1: Ball
1-1: Foul Ball, location: 2F
1-2: Ball
2-2: Ball
3-2: Ground out 6-3 (Groundball, 6, EV 101.9 MPH)
Top of the 3rd over - 0 runs, 0 hits, 0 errors, 0 left on base; Bellingham 0 - Lewiston 2
BOTTOM OF THE 3RD
Lewiston Broncs batting - Pitching for Bellingham Mariners : RHP Luis Colon
Batting: LHB Wayne Kirby 0-0: Foul Ball, location: 2F
0-1: Ball
1-1: Ball
2-1: Swinging Strike
2-2: Foul Ball, location: 2F
2-2: Ball
3-2: Foul Ball, location: 2F
3-2: Foul Ball, location: 2F
3-2: Ground out 6-3 (Groundball, 6, EV 78.1 MPH)
Batting: LHB Alex Hernandez 0-0: Called Strike
0-1: Ball
1-1: Fly out, F9 (Flyball, 9S, EV 76.3 MPH)
Batting: RHB Jeff Kunkel 0-0: Ball
1-0: Ball
2-0: DOUBLE (Line Drive, 9LM, EV 110.0 MPH)
Batting: RHB Bruce Castoria 0-0: Ball
1-0: Ground out 4-3 (Groundball, 4, EV 85.6 MPH)
Bottom of the 3rd over - 0 runs, 1 hit, 0 errors, 1 left on base; Bellingham 0 - Lewiston 2
TOP OF THE 4TH
Bellingham Mariners batting - Pitching for Lewiston Broncs : RHP Theo Shaw
Batting: LHB Dan O'Regan 0-0: Called Strike
0-1: Foul Ball, location: 2F
0-2: Ball
1-2: Strikes out swinging
Batting: RHB Norm Carrasco 0-0: Fly out, F8 (Flyball, 8RXD, EV 86.3 MPH)
Batting: RHB Juan Delgado 0-0: Swinging Strike
0-1: Foul Ball, location: 2F
0-2: Foul Ball, location: 2F
0-2: Foul Ball, location: 2F
0-2: Fly out, F9 (Flyball, 9LM, EV 77.5 MPH)
Top of the 4th over - 0 runs, 0 hits, 0 errors, 0 left on base; Bellingham 0 - Lewiston 2
BOTTOM OF THE 4TH
Lewiston Broncs batting - Pitching for Bellingham Mariners : RHP Luis Colon
Batting: LHB Nestor Moreno 0-0: Ball
1-0: Called Strike
1-1: Ball
2-1: Ball
3-1: Called Strike
3-2: Base on Balls
Batting: RHB Sal D'Alessandro 0-0: Called Strike
0-1: Swinging Strike
0-2: Foul Ball, location: 2F
0-2: Ball
1-2: Foul Ball, location: 2F
1-2: Grounds into double play, 5-4-3 (Groundball, 5, EV 83.8 MPH)
Batting: RHB Julio Marin 0-0: Called Strike
0-1: SINGLE (Line Drive, 7S, EV 94.4 MPH)
Batting: RHB Steven Spalt 0-0: Called Strike
0-1: Swinging Strike
0-2: Foul Ball, location: 2F
0-2: Ball
1-2: Fly out, F9 (Line Drive, 9D, EV 96.9 MPH)
Bottom of the 4th over - 0 runs, 1 hit, 0 errors, 1 left on base; Bellingham 0 - Lewiston 2
TOP OF THE 5TH
Bellingham Mariners batting - Pitching for Lewiston Broncs : RHP Theo Shaw
Batting: SHB Paul Felix 0-0: Ball
1-0: Ball
2-0: DOUBLE (Groundball, 5L, EV 103.1 MPH)
Batting: LHB Thomas Graziano 0-0: Foul Ball, location: 2F
0-1: Swinging Strike
0-2: Ball
1-2: Strikes out swinging
Batting: RHB Hector Rivera 0-0: Called Strike
0-1: Reached on error, E6 (Groundball, 6, EV 98.1 MPH)
Paul Felix to third
Batting: RHB Elza Nevoeiro 0-0: Ball
1-0: Ball
2-0: Called Strike
2-1: Ball
3-1: Fielders Choice at 2nd, 4-6 (Groundball, 4M, EV 103.1 MPH)
Paul Felix scores
Batting: RHB Werner Lajszky 0-0: SINGLE (Flyball, 89S, EV 86.9 MPH)
Elza Nevoeiro to second
Runner from 2nd tries for 3rd, OUT! 9-5
Top of the 5th over - 1 run, 2 hits, 1 error, 1 left on base; Bellingham 1 - Lewiston 2
BOTTOM OF THE 5TH
Lewiston Broncs batting - Pitching for Bellingham Mariners : RHP Luis Colon
Batting: RHB Jay Roberts 0-0: Fly out, F8 (Flyball, 8RD, EV 101.3 MPH)
Batting: LHB Wayne Kirby 0-0: Ball
1-0: Ball
2-0: Called Strike
2-1: Ball
3-1: Called Strike
3-2: Base on Balls
Batting: LHB Alex Hernandez 0-0: Foul Ball, location: 2F
0-1: SINGLE (Line Drive, 34D, EV 109.4 MPH)
Wayne Kirby to second
Runner from 2nd tries for 3rd, SAFE, no throw by RF
Batting: RHB Jeff Kunkel 0-0: Called Strike
0-1: Fielders Choice at 2nd, 4-6 (Groundball, 4M, EV 89.4 MPH)
Wayne Kirby scores
Batting: RHB Bruce Castoria 0-0: Ball
1-0: DOUBLE (Flyball, 78D, EV 107.5 MPH)
Jeff Kunkel to third
Runner from 3rd tries for Home, SAFE, throw by LF to home
Batting: LHB Nestor Moreno 0-0: Called Strike
0-1: Swinging Strike
0-2: Ground out 3-1 (Groundball, 34, EV 107.5 MPH)
Bottom of the 5th over - 2 runs, 2 hits, 0 errors, 1 left on base; Bellingham 1 - Lewiston 4
TOP OF THE 6TH
Bellingham Mariners batting - Pitching for Lewiston Broncs : RHP Theo Shaw
Batting: RHB Barry Cheesman 0-0: Called Strike
0-1: Swinging Strike
0-2: Ball
1-2: Strikes out swinging
Batting: LHB Dan O'Regan 0-0: Foul Ball, location: 2F
0-1: Foul Ball, location: 2F
0-2: Ball
1-2: Ball
2-2: Ball
3-2: Base on Balls
Batting: RHB Norm Carrasco 0-0: Ball
Dan O'Regan steals 2nd base
1-0: DOUBLE (Line Drive, 78XD, EV 105.6 MPH)
Dan O'Regan scores
Batting: RHB Juan Delgado 0-0: Ball
1-0: Swinging Strike
1-1: Ball
2-1: Ball
3-1: Called Strike
3-2: Ground out 6-3 (Groundball, 6, EV 97.5 MPH)
Batting: SHB Paul Felix 0-0: Called Strike
0-1: Ground out U3 (Groundball, 3, EV 85.0 MPH)
Top of the 6th over - 1 run, 1 hit, 0 errors, 1 left on base; Bellingham 2 - Lewiston 4
BOTTOM OF THE 6TH
Lewiston Broncs batting - Pitching for Bellingham Mariners : RHP Luis Colon
Batting: RHB Sal D'Alessandro 0-0: Ball
1-0: Ball
2-0: Swinging Strike
2-1: Ball
3-1: Swinging Strike
3-2: Ground out 5-3 (Groundball, 5S, EV 68.8 MPH)
Pitching: RHP Jay Samuel
Batting: RHB Julio Marin 0-0: Swinging Strike
0-1: Ground out 5-3 (Groundball, 56S, EV 68.8 MPH)
Batting: RHB Steven Spalt 0-0: Called Strike
0-1: Called Strike
0-2: Strikes out swinging
Bottom of the 6th over - 0 runs, 0 hits, 0 errors, 0 left on base; Bellingham 2 - Lewiston 4
TOP OF THE 7TH
Bellingham Mariners batting - Pitching for Lewiston Broncs : RHP Theo Shaw
Batting: LHB Thomas Graziano 0-0: Ball
1-0: Fly out, F4 (Line Drive, 4, EV 72.5 MPH)
Batting: RHB Hector Rivera 0-0: Foul Ball, location: 2F
0-1: Swinging Strike
0-2: Ball
1-2: Ball
2-2: Strikes out swinging
Batting: RHB Elza Nevoeiro 0-0: Ball
1-0: Ball
2-0: Ball
3-0: Base on Balls
Batting: RHB Werner Lajszky 0-0: Called Strike
0-1: Called Strike
0-2: Strikes out swinging
Top of the 7th over - 0 runs, 0 hits, 0 errors, 1 left on base; Bellingham 2 - Lewiston 4
BOTTOM OF THE 7TH
Lewiston Broncs batting - Pitching for Bellingham Mariners : RHP Jay Samuel
Batting: RHB Jay Roberts 0-0: Ball
1-0: Ball
2-0: Called Strike
2-1: Foul Ball, location: 2F
2-2: Strikes out swinging
Batting: LHB Wayne Kirby 0-0: Ball
1-0: Ball
2-0: Ball
3-0: Called Strike
3-1: Base on Balls
Batting: LHB Alex Hernandez 0-0: Ball
Wayne Kirby steals 2nd base
1-0: Ball
2-0: Fly out, F7 (Flyball, 7S, EV 90.0 MPH)
Batting: RHB Jeff Kunkel 0-0: Swinging Strike
0-1: Ball
1-1: Foul Ball, location: 2F
1-2: Ball
2-2: Ball
3-2: Base on Balls
Batting: RHB Bruce Castoria 0-0: Fly out, F4 (Flyball, 4D, EV 81.3 MPH)
Bottom of the 7th over - 0 runs, 0 hits, 0 errors, 2 left on base; Bellingham 2 - Lewiston 4
TOP OF THE 8TH
Bellingham Mariners batting - Pitching for Lewiston Broncs : RHP Theo Shaw
Batting: RHB Barry Cheesman 0-0: Ball
1-0: Swinging Strike
1-1: Foul Ball, location: 2F
1-2: Foul Ball, location: 2F
1-2: Ball
2-2: DOUBLE (Flyball, 8RD, EV 105.6 MPH)
Batting: LHB Dan O'Regan 0-0: Ball
1-0: Ball
2-0: Ball
3-0: Base on Balls
Batting: RHB Norm Carrasco 0-0: Ball
1-0: SINGLE (Groundball, 5S, EV 63.8 MPH) (infield hit)
Barry Cheesman to third
Dan O'Regan to second
Batting: RHB Juan Delgado 0-0: Grounds into fielders choice 6-2 (Groundball, 6, EV 89.4 MPH)
Dan O'Regan to third
Norm Carrasco to second
Batting: SHB Paul Felix 0-0: Ball
Wild Pitch!
Dan O'Regan scores
Norm Carrasco to third
Juan Delgado to second
1-0: Swinging Strike
Passed Ball!
Norm Carrasco scores
Juan Delgado to third
1-1: Intentional Walk
Batting: LHB Thomas Graziano 0-0: Called Strike
0-1: Swinging Strike
0-2: Strikes out swinging
Batting: RHB Hector Rivera 0-0: Ground out 4-3 (Groundball, 34D, EV 83.8 MPH)
Top of the 8th over - 2 runs, 2 hits, 0 errors, 2 left on base; Bellingham 4 - Lewiston 4
BOTTOM OF THE 8TH
Lewiston Broncs batting - Pitching for Bellingham Mariners : RHP Jay Samuel
Batting: LHB Nestor Moreno 0-0: Called Strike
0-1: Swinging Strike
0-2: SINGLE (Line Drive, 78S, EV 111.3 MPH)
Batting: RHB Sal D'Alessandro 0-0: Foul Ball, location: 2F
0-1: Fly out, F9 (Flyball, 9S, EV 75.6 MPH)
Pitching: RHP Charles Dexter
Batting: RHB Julio Marin 0-0: Called Strike
0-1: Ball
1-1: Ball
2-1: SINGLE (Line Drive, 6D, EV 95.6 MPH)
Nestor Moreno to second
Batting: RHB Steven Spalt 0-0: Foul Ball, location: 2F
0-1: SINGLE (Line Drive, 4D, EV 110.0 MPH)
Nestor Moreno to third
Julio Marin to second
Runner from 3rd tries for Home, SAFE, throw by CF to home
Batting: RHB Jay Roberts 0-0: Called Strike
0-1: Swinging Strike
0-2: Ball
1-2: Fly out, F7 (Flyball, 7LD, EV 90.6 MPH)
Batting: LHB Wayne Kirby 0-0: Called Strike
0-1: Foul Ball, location: 2F
0-2: SINGLE (Groundball, 4MD, EV 103.8 MPH)
Julio Marin to third
Steven Spalt to second
Runner from 3rd tries for Home, SAFE, throw by CF to home
Batting: LHB Alex Hernandez 0-0: Called Strike
0-1: Swinging Strike
0-2: Ground out 6-3 (Groundball, 6M, EV 105.6 MPH)
Bottom of the 8th over - 2 runs, 4 hits, 0 errors, 2 left on base; Bellingham 4 - Lewiston 6
TOP OF THE 9TH
Bellingham Mariners batting - Pitching for Lewiston Broncs : RHP Theo Shaw
Pitching: LHP Brian Householder
Batting: RHB Elza Nevoeiro 0-0: Ball
1-0: Ball
2-0: Fly out, F4 (Popup, 4S, EV 79.4 MPH)
Batting: RHB Werner Lajszky 0-0: SINGLE (Line Drive, 7S, EV 96.9 MPH)
Batting: RHB Barry Cheesman 0-0: Ball
1-0: Foul Ball, location: 2F
1-1: Fly out, F9 (Flyball, 9, EV 81.9 MPH)
Pinch Hitting: RHB Edward Williams 0-0: Ball
1-0: Fielders Choice at 2nd, 6-4 (Groundball, 6, EV 81.3 MPH)
Top of the 9th over - 0 runs, 1 hit, 0 errors, 1 left on base; Bellingham 4 - Lewiston 6
Thursday, August 20th, 2020 - OOTP Baseball 21.5 Build 76